 Dungeon Crawl Stone Soup version 0.28-b1-25-g9875b3fc8c (webtiles) character file.

Game seed: 10545227539858077792

331 pkoi the Conjurer (level 6, -4/45 HPs)
             Began as a Draconian Conjurer on Feb 3, 2022.
             Was an Initiate of Sif Muna.
             Slain by an orc warrior (8 damage)
             ... on level 4 of the Dungeon.
             The game lasted 00:06:36 (6447 turns).

pkoi the Conjurer (Draconian Conjurer)              Turns: 6447, Time: 00:06:37

Health: -4/45      AC:  6    Str: 12    XL:     6   Next: 26%
Magic:  9/19       EV: 13    Int: 25    God:    Sif Muna [......]
Gold:   182        SH:  0    Dex: 15    Spells: 3/10 levels left

rFire   . . .      SeeInvis .   a - +6 dagger of Orch {vamp, Contam Str+3 Int+4 Dex+6}
rCold   . . .      Faith    .   (no shield)
rNeg    . . .      Spirit   .   (armour unavailable)
rPois   .          Reflect  .   (helmet restricted)
rElec   .          Harm     .   (no cloak)
rCorr   .          Rampage  .   (no gloves)
Will    .....                   (no boots)
Stlth   ++........              (no amulet)
HPRegen 0.15/turn               j - ring of magical power
MPRegen 0.16/turn               (no ring)

@: unable to read
A: AC +6, unfitting armour, cold-blooded, inability to read while threatened
a: Renounce Religion


You were on level 4 of the Dungeon.
You worshipped Sif Muna.
Sif Muna was noncommittal.
You visited 2 branches of the dungeon, and saw 5 of its levels.

You collected 182 gold pieces.

Inventory:

Hand Weapons
 a - the +6 dagger of Orch (weapon) {vamp, Contam Str+3 Int+4 Dex+6}
   (You found it on level 3 of the Dungeon)

   It occasionally heals its wielder for a portion of the damage dealt when it
   wounds a living foe.
   Str:       It affects your strength (+3).
   Int:       It affects your intelligence (+4).
   Dex:       It affects your dexterity (+6).
   Contam:    It causes magical contamination when unequipped.
 d - a +0 dagger
Missiles
 b - 3 throwing nets
Jewellery
 j - a ring of magical power (left hand)
Scrolls
 c - 2 scrolls of identify
 f - a scroll of magic mapping
 g - 2 scrolls of enchant weapon {unknown}
 k - a scroll of fear {unknown}
 l - a scroll of noise {unknown}
Potions
 h - a potion of heal wounds {unknown}
 i - a potion of lignification


   Skills:
 - Level 3.0 Dodging
 - Level 1.7 Stealth
 + Level 2.6 Spellcasting
 * Level 6.2 Conjurations
 + Level 1.6 Translocations
 + Level 1.3 Invocations


You had 3 spell levels left.
You knew the following spells:

 Your Spells              Type           Power      Damage    Failure   Level
a - Magic Dart            Conj           100%       1d8       1%          1
b - Searing Ray           Conj           68%        2d6       1%          2
c - Iskenderun's Mystic   Conj/Tloc      23%        2d6       21%         4

Your spell library contained the following spells:

 Spells                   Type           Power      Damage    Failure   Level
 Dazzling Flash           Conj/Hex       38%        N/A       9%          3
 Stone Arrow              Conj/Erth      38%        3d9       9%          3
 Sandblast                Erth           6%         2d5       11%         1
 Fulminant Prism          Conj/Hex       9%         3d7       28%         4
 Lehudib's Crystal Spear  Conj/Erth      9%         10d4      100%        8
 Chain Lightning          Conj/Air       9%         3d12      100%        9
 Fire Storm               Conj/Fire      9%         8d3       100%        9
 Shatter                  Erth           1%         3d6*      100%        9
 Animate Armour           Summ/Erth      Unusable   N/A       N/A         4

Dungeon Overview and Level Annotations

Branches:
Dungeon (4/15)             Temple (1/1) D:4

Altars:
Dithmenos
Elyvilon
Fedhas
Gozag
Hepliaklqana
Kikubaaqudgha
Nemelex Xobeh
Qazlal
Ru
Sif Muna
Trog
Xom
Yredelemnul
Zin
The Shining One

Annotations:
D:3 3 runed translucent doors, croobank's ghost, amateur OpCj
D:4 1 runed translucent door, Crazy Yiuf


Innate Abilities, Weirdness & Mutations

Your plain brown scales are hard. (AC +6)
You cannot fit into any form of body armour.
You are cold-blooded and may be slowed by cold attacks.
You sometimes lose the ability to read scrolls when taking damage.


Message History

The searing ray hits the orc warrior.
The orc warrior is moderately wounded. (Press . to maintain the ray.)
The ogre shouts!
The orc warrior hits you but does no damage.
The searing ray hits the orc warrior.
The orc warrior is heavily wounded.
The orc warrior hits you with a +0 war axe.
The searing ray hits the orc warrior.
The orc warrior is heavily wounded.
The searing ray hits the ogre!
The ogre is heavily wounded.
The orc warrior closely misses you.
The searing ray hits the orc warrior.
The orc warrior is severely wounded.
The searing ray hits the ogre.
The ogre is heavily wounded.
You finish channelling your searing ray.
The orc warrior hits you with a +0 war axe!
Unknown command.
Casting: Searing Ray (safe; 1% risk of failure)
Confirm with . or Enter, or press ? or * to list all spells.
Aiming: Searing Ray (safe; 1% risk of failure)
Press: ? - help, Shift-Dir - straight line, f/p - orc warrior
Aim: an orc warrior, wielding a +0 war axe and wearing a +1 plate armour of fire resistance (severely wounded, 81% to hit)
The searing ray hits the orc warrior.
The orc warrior is almost dead. (Press . to maintain the ray.)
The orc warrior hits you with a +0 war axe!
* * * LOW HITPOINT WARNING * * *
Unknown command.
The orc warrior barely misses you.
Okay, then.
Unknown command.
There is an open door here.
It was a potion of mutation.
You feel extremely strange.
You lose the ability to read scrolls when threatened.
The orc warrior hits you with a +0 war axe!
You feel threatened and lose the ability to read scrolls!
You die...

#..........####........
#............##........
#.........†≈≈≈#.....≈≈≈
#.........≈##≈≈.....≈##
###≈≈≈≈##.≈≈##≈≈≈≈≈≈≈≈#
#≈##≈≈≈≈≈≈≈##########
#≈≈##≈######
#.≈≈###.#.#.#..
#..≈@oO≈.≈...#
#.≈≈###.#.#.#.#
#≈≈##≈######
#≈##≈≈≈≈≈≈≈##########
#≈≈≈≈...≈≈##≈≈≈≈≈##≈≈
#.......≈##≈≈##≈##≈≈#
#########>....≈≈≈≈...≈≈≈≈..
#................####.##.##
#.#######.######.# #.##.##


You could see an orc warrior and an ogre.

Vanquished Creatures
  A gnoll shaman (D:4)
  An orc priest (D:3)
  A hound (D:4)
  An iguana (D:4)
  10 gnolls
  2 adders (D:2)
  An adder skeleton (D:4)
  2 worms (D:4)
  5 dart slugs
  8 orcs
  4 endoplasms
  2 giant cockroaches (D:1)
  10 hobgoblins
  4 quokkas
  4 ball pythons
  7 bats
  A frilled lizard (D:1)
  11 goblins
  6 kobolds
  3 rats (D:1)
84 creatures vanquished.

Vanquished Creatures (others)
  A fungus (D:3)
  7 plants
8 creatures vanquished.

Grand Total: 92 creatures vanquished

Notes
Turn   | Place    | Note
-------+----------+-------------------------------------------
     0 | D:1      | pkoi the Draconian Conjurer began the quest for the Orb.
     0 | D:1      | Reached XP level 1. HP: 14/14 MP: 3/3
   372 | D:1      | Reached XP level 2. HP: 20/20 MP: 0/5
  1283 | D:1      | Reached XP level 3. HP: 24/26 MP: 2/6
  2211 | D:2      | Reached skill level 5 in Conjurations
  2464 | D:2      | Learned a level 2 spell: Searing Ray
  2644 | D:2      | Reached XP level 4. HP: 33/33 MP: 1/7
  3421 | D:3      | Learned a level 4 spell: Iskenderun's Mystic Blast
  3851 | D:3      | Reached XP level 5. HP: 33/38 MP: 4/8
  3975 | D:3      | Identified the +6 dagger of Orch {vamp, Contam Str+3 Int+4
                  | Dex+6}
  4237 | D:3      | Found a runed translucent gate.
  4238 | D:3      | Found a runed translucent gate.
  4238 | D:3      | Noticed croobank's ghost (amateur OpCj)
  4239 | D:3      | Found a runed translucent gate.
  4421 | D:3      | Found a faded altar of an unknown god.
  4468 | D:3      | Got Plato's Papyrus of Stones
  4839 | D:4      | Found a staircase to the Ecumenical Temple.
  4861 | Temple   | Entered the Ecumenical Temple
  5113 | Temple   | Became a worshipper of Sif Muna the Loreminder
  5186 | D:4      | Reached skill level 1 in Translocations
  5275 | D:4      | Reached skill level 6 in Conjurations
  5600 | D:4      | Reached skill level 1 in Invocations
  5683 | D:4      | Found a runed translucent door.
  5684 | D:4      | Noticed Crazy Yiuf
  5976 | D:4      | Noticed an orc warrior
  5979 | D:4      | Reached XP level 6. HP: 45/45 MP: 9/9
  6447 | D:4      | Gained mutation: You sometimes lose the ability to read
                  | scrolls when taking damage. [potion of mutation]
  6447 | D:4      | Slain by an orc warrior

Illustrated notes

Levels and vault maps discovered:
D:1:      psy_arrival_statuary, layout_loops_corners, serial_forest,
          infiniplex_forest_fountain, infiniplex_forest_lined_corner,
          infiniplex_forest_corner_2, infiniplex_forest_end_2,
          infiniplex_forest_side_room, infiniplex_forest_straight_1,
          kennysheep_another_room
D:2:      layout_basic
D:3:      layout_basic, shapermc_ecumenical_altar_rom_forum,
          gammafunk_ghost_nasty_kobolds, serial_curves, eino_curves_01,
          eino_curves_02, eino_curves_03, minmay_box_of_dots
D:4:      layout_basic, minmay_temple_entry_glass, minmay_manual_mullet,
          uniq_crazy_yiuf_cottage
Temple:   regret_index_temple_generic_petals

Skill      XL: |  1  2  3  4  5 |
---------------+----------------+-----
Dodging        | 2 3 |  3.0
Conjurations   | 5 6 |  6.2
Translocations | 1 |  1.6
Invocations    | 1 |  1.3
Stealth        | |  1.7
Spellcasting   | |  2.6

Action                   |  1- 3 |  4- 6 || total
-------------------------+-------+-------++-------
Melee: Dagger            |    11 |    23 ||    34
       Tailslap          |     1 |     2 ||     3
       Punch             |       |     1 ||     1
 Cast: Magic Dart        |    86 |   107 ||   193
       Searing Ray       |       |     7 ||     7
  Use: Scroll            |       |     4 ||     4
       Potion            |       |     3 ||     3
Armor: Skin              |     4 |     6 ||    10
Dodge: Dodged            |    10 |    19 ||    29
